[ AOE2 MATCH · #505248733 ]
UnrankedHuns vs Malians
Player's team · WIN
Rival team · LOSS
[ REPLAY ANALYSIS · EXTRACTED FROM THE RECORDED GAME ]
Feudal
8:53
Castle
—
Imperial
—
| APM avg | 66.0 |
| APM peak | 111 |
| eAPM avg | 21.7 |
| Villagers / military | 78 / 82 |
Focus
⚔️ 44.5% · 🌾 55.5%
Scout Cavalry ×44 · Archer ×37 · Spearman ×1
Feudal
11:16
Castle
—
Imperial
—
| APM avg | 85.2 |
| APM peak | 142 |
| eAPM avg | 28.5 |
| Villagers / military | 55 / 64 |
Focus
⚔️ 35.3% · 🌾 64.7%
Spearman ×20 · Scout Cavalry ×17 · Archer ×12 · Skirmisher ×11 · Militia ×4
Match map
Initial resources + every placement click. Lines = walls · curves = elevation contours. ◆ gold · ⬟ stone · ● berries · ✦ relic · ◌ wall gap
Your base· Open — unwalled flank
uel's base· Open — unwalled flank
Smoothed initial terrain · ◌ = detected wall gap · hover for details
Inputs per minute
— lesuanhuy - - uel
Build order — lesuanhuy
First 150 of 208 actions detected
| 0:02 | Queue | Villager (Male) |
| 0:18 | Queue | Villager (Male) |
| 0:50 | Queue | Villager (Male) |
| 0:51 | Queue | Villager (Male) |
| 1:31 | Queue | Villager (Male) |
| 1:31 | Queue | Villager (Male) |
| 2:04 | Queue | Villager (Male) |
| 2:24 | Queue | Villager (Male) |
| 2:27 | Build | Lumber Camp |
| 2:54 | Queue | Villager (Male) |
| 2:58 | Queue | Villager (Male) |
| 3:43 | Queue | Villager (Male) |
| 3:43 | Queue | Villager (Male) |
| 3:46 | Queue | Villager (Male) |
| 4:24 | Build | Mill |
| 4:26 | Queue | Villager (Male) |
| 4:26 | Queue | Villager (Male) |
| 5:28 | Queue | Villager (Male) |
| 5:30 | Queue | Villager (Male) |
| 5:30 | Queue | Villager (Male) |
| 5:30 | Queue | Villager (Male) |
| 5:43 | Build | Mill |
| 5:50 | Queue | Villager (Male) |
| 6:16 | Research | Loom |
| 6:43 | Research | Feudal Age |
| 6:43 | Research | Feudal Age |
| 8:04 | Build | Barracks |
| 8:43 | Queue | Villager (Male) |
| 8:53 | Age | Feudal Age |
| 9:09 | Queue | Villager (Male) |
| 9:11 | Build | Stable |
| 9:33 | Queue | Villager (Male) |
| 9:43 | Queue | Spearman |
| 9:45 | Research | Double-Bit Axe |
| 9:47 | Queue | Scout Cavalry |
| 10:05 | Queue | Villager (Male) |
| 10:13 | Queue | Scout Cavalry |
| 10:23 | Queue | Villager (Male) |
| 10:29 | Queue | Scout Cavalry |
| 10:31 | Queue | Villager (Male) |
| 10:31 | Queue | Villager (Male) |
| 10:51 | Queue | Villager (Male) |
| 10:51 | Queue | Villager (Male) |
| 10:58 | Build | Lumber Camp |
| 11:02 | Queue | Villager (Male) |
| 11:02 | Queue | Villager (Male) |
| 11:21 | Queue | Villager (Male) |
| 11:24 | Build | Archery Range |
| 11:26 | Queue | Villager (Male) |
| 11:32 | Build | Farm |
| 11:38 | Queue | Villager (Male) |
| 11:54 | Queue | Villager (Male) |
| 12:08 | Research | Horse Collar |
| 12:09 | Queue | Villager (Male) |
| 12:13 | Build | Farm |
| 12:21 | Build | Farm |
| 12:26 | Queue | Villager (Male) |
| 12:34 | Queue | Villager (Male) |
| 12:49 | Queue | Villager (Male) |
| 12:55 | Build | Farm |
| 13:11 | Build | Mining Camp |
| 13:15 | Queue | Villager (Male) |
| 13:33 | Build | Farm |
| 13:37 | Build | Watch Tower |
| 13:49 | Queue | Villager (Male) |
| 13:50 | Queue | Archer |
| 13:50 | Queue | Archer |
| 13:52 | Build | Farm |
| 13:54 | Build | Farm |
| 13:55 | Queue | Villager (Male) |
| 14:01 | Build | Palisade Wall |
| 14:09 | Build | Palisade Wall |
| 14:11 | Queue | Villager (Male) |
| 14:14 | Queue | Archer |
| 14:14 | Queue | Archer |
| 14:23 | Build | Palisade Gate |
| 14:35 | Queue | Villager (Male) |
| 14:48 | Queue | Villager (Male) |
| 15:13 | Queue | Villager (Male) |
| 15:22 | Queue | Archer |
| 15:34 | Build | Farm |
| 15:35 | Queue | Villager (Male) |
| 15:36 | Build | Farm |
| 15:37 | Build | Farm |
| 15:50 | Build | Palisade Wall |
| 15:54 | Queue | Scout Cavalry |
| 15:55 | Queue | Archer |
| 15:56 | Queue | Villager (Male) |
| 16:10 | Build | Farm |
| 16:15 | Queue | Villager (Male) |
| 16:30 | Queue | Scout Cavalry |
| 16:41 | Build | Palisade Wall |
| 17:09 | Queue | Archer |
| 17:12 | Queue | Archer |
| 17:38 | Build | Blacksmith |
| 17:39 | Queue | Archer |
| 17:44 | Queue | Villager (Male) |
| 17:52 | Build | Palisade Wall |
| 17:54 | Queue | Archer |
| 18:02 | Queue | Villager (Male) |
| 18:04 | Build | Farm |
| 18:07 | Build | Mining Camp |
| 18:12 | Research | Fletching |
| 18:12 | Research | Fletching |
| 18:19 | Queue | Archer |
| 18:25 | Build | Farm |
| 18:40 | Queue | Villager (Male) |
| 18:41 | Queue | Scout Cavalry |
| 18:46 | Build | Farm |
| 19:04 | Build | Farm |
| 19:07 | Build | Farm |
| 19:19 | Queue | Scout Cavalry |
| 19:23 | Queue | Archer |
| 19:24 | Queue | Scout Cavalry |
| 19:26 | Queue | Villager (Male) |
| 19:52 | Queue | Archer |
| 19:59 | Queue | Archer |
| 20:00 | Queue | Scout Cavalry |
| 20:02 | Queue | Villager (Male) |
| 20:04 | Research | Padded Archer Armor |
| 20:08 | Research | Scale Barding Armor |
| 20:08 | Research | Scale Barding Armor |
| 20:11 | Build | Farm |
| 20:14 | Build | Farm |
| 20:18 | Queue | Villager (Male) |
| 20:34 | Queue | Scout Cavalry |
| 20:40 | Build | Farm |
| 20:50 | Queue | Villager (Male) |
| 20:56 | Build | Lumber Camp |
| 20:59 | Queue | Villager (Male) |
| 21:20 | Queue | Villager (Male) |
| 21:28 | Research | Bloodlines |
| 21:44 | Queue | Scout Cavalry |
| 21:44 | Queue | Scout Cavalry |
| 21:44 | Queue | Archer |
| 21:44 | Queue | Archer |
| 21:51 | Queue | Villager (Male) |
| 21:53 | Build | Farm |
| 21:54 | Build | Farm |
| 22:06 | Build | Farm |
| 22:20 | Queue | Archer |
| 22:20 | Queue | Archer |
| 22:27 | Queue | Scout Cavalry |
| 22:28 | Queue | Villager (Male) |
| 23:03 | Queue | Scout Cavalry |
| 23:05 | Queue | Villager (Male) |
| 23:16 | Research | Forging |
| 23:19 | Queue | Villager (Male) |
| 23:22 | Build | Mill |
| 23:23 | Build | Farm |
Build order — uel
First 150 of 184 actions detected
| 0:01 | Queue | Villager (Male) |
| 0:01 | Queue | Villager (Male) |
| 0:01 | Queue | Villager (Male) |
| 0:02 | Queue | Villager (Male) |
| 0:02 | Build | House |
| 0:04 | Build | House |
| 1:31 | Queue | Villager (Male) |
| 1:31 | Queue | Villager (Male) |
| 1:59 | Build | Lumber Camp |
| 2:00 | Queue | Villager (Male) |
| 2:01 | Queue | Villager (Male) |
| 2:20 | Queue | Villager (Male) |
| 2:36 | Queue | Villager (Male) |
| 3:05 | Queue | Villager (Male) |
| 3:06 | Queue | Villager (Male) |
| 3:37 | Queue | Villager (Male) |
| 3:54 | Build | House |
| 4:09 | Queue | Villager (Male) |
| 4:19 | Build | Barracks |
| 4:27 | Queue | Villager (Male) |
| 4:39 | Build | House |
| 4:50 | Queue | Villager (Male) |
| 5:11 | Queue | Villager (Male) |
| 5:31 | Queue | Villager (Male) |
| 5:37 | Build | Mill |
| 5:42 | Queue | Militia |
| 5:44 | Build | House |
| 5:55 | Queue | Villager (Male) |
| 6:03 | Queue | Militia |
| 6:22 | Queue | Militia |
| 6:40 | Queue | Militia |
| 6:42 | Queue | Villager (Male) |
| 6:47 | Queue | Villager (Male) |
| 7:24 | Queue | Villager (Male) |
| 7:45 | Queue | Villager (Male) |
| 7:49 | Research | Loom |
| 8:51 | Build | Lumber Camp |
| 9:06 | Research | Feudal Age |
| 9:06 | Research | Feudal Age |
| 9:20 | Build | Farm |
| 9:20 | Build | Farm |
| 9:20 | Build | Farm |
| 9:21 | Build | Farm |
| 10:41 | Build | Farm |
| 10:55 | Queue | Villager (Male) |
| 11:16 | Age | Feudal Age |
| 11:19 | Build | Stable |
| 11:23 | Research | Double-Bit Axe |
| 11:24 | Research | Horse Collar |
| 11:29 | Queue | Villager (Male) |
| 11:33 | Research | Man-at-Arms (upgrade) |
| 11:33 | Research | Man-at-Arms (upgrade) |
| 11:46 | Build | Farm |
| 11:49 | Queue | Spearman |
| 11:56 | Build | Palisade Wall |
| 11:58 | Build | Palisade Wall |
| 12:02 | Build | Palisade Wall |
| 12:03 | Build | Palisade Wall |
| 12:12 | Queue | Villager (Male) |
| 12:25 | Build | House |
| 12:32 | Queue | Scout Cavalry |
| 12:45 | Queue | Spearman |
| 12:59 | Queue | Villager (Male) |
| 13:07 | Queue | Villager (Male) |
| 13:17 | Queue | Villager (Male) |
| 13:18 | Queue | Villager (Male) |
| 13:50 | Queue | Villager (Male) |
| 14:11 | Queue | Scout Cavalry |
| 14:16 | Build | Farm |
| 14:29 | Queue | Scout Cavalry |
| 14:58 | Queue | Villager (Male) |
| 14:59 | Build | Archery Range |
| 15:07 | Queue | Scout Cavalry |
| 15:32 | Queue | Villager (Male) |
| 15:33 | Queue | Villager (Male) |
| 15:50 | Build | House |
| 15:51 | Queue | Skirmisher |
| 15:52 | Queue | Skirmisher |
| 16:01 | Build | Watch Tower |
| 16:09 | Build | House |
| 16:10 | Queue | Skirmisher |
| 16:13 | Queue | Skirmisher |
| 16:16 | Queue | Skirmisher |
| 16:25 | Queue | Skirmisher |
| 16:43 | Build | Watch Tower |
| 16:51 | Queue | Skirmisher |
| 16:53 | Queue | Villager (Male) |
| 16:54 | Build | Mining Camp |
| 16:57 | Build | Palisade Wall |
| 17:03 | Queue | Spearman |
| 17:13 | Queue | Villager (Male) |
| 17:23 | Build | Palisade Wall |
| 17:24 | Build | Palisade Wall |
| 17:30 | Build | House |
| 17:36 | Queue | Spearman |
| 17:37 | Queue | Villager (Male) |
| 17:40 | Build | Blacksmith |
| 17:56 | Queue | Scout Cavalry |
| 18:17 | Queue | Villager (Male) |
| 18:19 | Build | House |
| 18:53 | Queue | Scout Cavalry |
| 19:01 | Queue | Villager (Male) |
| 19:08 | Research | Fletching |
| 19:09 | Research | Fletching |
| 19:14 | Queue | Skirmisher |
| 19:16 | Queue | Skirmisher |
| 19:31 | Queue | Villager (Male) |
| 19:32 | Build | House |
| 19:32 | Build | House |
| 19:35 | Build | Farm |
| 19:42 | Queue | Skirmisher |
| 20:04 | Queue | Villager (Male) |
| 20:07 | Build | Farm |
| 20:21 | Queue | Spearman |
| 20:23 | Queue | Archer |
| 20:28 | Queue | Villager (Male) |
| 20:31 | Build | Farm |
| 20:33 | Queue | Villager (Male) |
| 20:34 | Build | Farm |
| 20:35 | Build | Farm |
| 20:46 | Queue | Spearman |
| 21:00 | Queue | Scout Cavalry |
| 21:06 | Queue | Archer |
| 21:12 | Queue | Villager (Male) |
| 21:32 | Queue | Spearman |
| 21:41 | Queue | Spearman |
| 21:49 | Build | Farm |
| 22:00 | Build | Palisade Wall |
| 22:00 | Build | Palisade Wall |
| 22:01 | Build | Palisade Wall |
| 22:08 | Queue | Skirmisher |
| 22:17 | Queue | Spearman |
| 22:20 | Queue | Scout Cavalry |
| 22:39 | Queue | Spearman |
| 22:40 | Queue | Scout Cavalry |
| 22:54 | Queue | Villager (Male) |
| 23:09 | Queue | Archer |
| 23:16 | Build | House |
| 23:22 | Queue | Archer |
| 23:24 | Queue | Scout Cavalry |
| 23:27 | Queue | Villager (Male) |
| 23:29 | Build | Farm |
| 23:29 | Build | Farm |
| 23:29 | Build | Farm |
| 23:30 | Build | Farm |
| 23:34 | Queue | Spearman |
| 23:36 | Queue | Archer |
| 24:12 | Queue | Archer |
| 24:20 | Queue | Villager (Male) |
| 24:21 | Build | Farm |
Match timeline
| 4:19 | uel · first_building Barracks |
| 8:04 | lesuanhuy · first_building Barracks |
| 8:53 | lesuanhuy · age_up feudal |
| 9:11 | lesuanhuy · first_building Stable |
| 11:16 | uel · age_up feudal |
| 11:19 | uel · first_building Stable |
| 11:24 | lesuanhuy · first_building Archery Range |
| 11:56 | uel · wall_segment Palisade Wall x1 |
| 11:58 | uel · wall_segment Palisade Wall x1 |
| 12:02 | uel · wall_segment Palisade Wall x1 |
| 12:03 | uel · wall_segment Palisade Wall x1 |
| 14:01 | lesuanhuy · wall_segment Palisade Wall x9 |
| 14:09 | lesuanhuy · wall_segment Palisade Wall x7 |
| 14:59 | uel · first_building Archery Range |
| 15:50 | lesuanhuy · wall_segment Palisade Wall x3 |
| 16:41 | lesuanhuy · wall_segment Palisade Wall x3 |
| 16:57 | uel · wall_segment Palisade Wall x1 |
| 17:23 | uel · wall_segment Palisade Wall x1 |
| 17:24 | uel · wall_segment Palisade Wall x1 |
| 17:52 | lesuanhuy · wall_segment Palisade Wall x1 |
| 22:00 | uel · wall_segment Palisade Wall x1 |
| 22:00 | uel · wall_segment Palisade Wall x1 |
| 22:01 | uel · wall_segment Palisade Wall x1 |
| 24:56 | uel · wall_segment Palisade Wall x10 |
| 30:04 | uel · resign |
[ AI ANALYSIS · 1 CREDIT ]
What really happened in this match?
Wolo.gg analyzes every decision: build order, eco, micro, common mistakes by bracket. Personalized analysis on WhatsApp or Discord in 30 seconds.
Civ guide
Huns
Perfil
Jugador #21690567